 Dungeon Crawl Stone Soup version 0.26.1-10-gdfb7c7de75 (webtiles) character file.

Game seed: 4744683345795245892

438 MalarOregon the Vandal (level 7, -4/46 HPs)
             Began as a Halfling Hunter on Apr 4, 2021.
             Killed from afar by an orc (26 damage)
             ... with a bolt of acid
             ... on level 4 of the Dungeon.
             The game lasted 00:04:51 (3979 turns).

MalarOregon the Vandal (Halfling Hunter)            Turns: 3979, Time: 00:04:52

Health: -4/46      AC: 15    Str: 15    XL:     7   Next: 21%
Magic:  7/7        EV:  7    Int:  9    God:
Gold:   103        SH:  0    Dex: 15    Spells: 6/6 levels left

rFire    . . .     SeeInvis .   a - +1 hunting sling
rCold    . . .     Faith    .   (shield restricted)
rNeg     . . .     Spirit   .   i - +3 plate armour
rPois    .         Reflect  .   d - +1 helmet
rElec    .         Harm     .   j - +2 cloak
rCorr    .         Rampage  .   g - +0 pair of gloves
Will     .....                  (no boots)
Stlth    ..........             (no amulet)
HPRegen  0.15/turn              (no ring)
MPRegen  0.10/turn              (no ring)

@: corroded
A: small, mutation resistance 1
a: no special abilities


You were on level 4 of the Dungeon.
You visited 1 branch of the dungeon, and saw 4 of its levels.

You collected 103 gold pieces.

Inventory:

Hand Weapons
 a - a +1 hunting sling (weapon)
 b - a +6 antimagic spear
   (You took it off Robin on level 2 of the Dungeon)
Missiles
 f - 155 stones (quivered ammo)
 h - 6 boomerangs
 w - 6 sling bullets
 y - 7 curare-tipped darts {!f}
Armour
 d - a +1 helmet (worn)
   (You took it off Robin on level 2 of the Dungeon)
 g - a +0 pair of gloves (worn)
   (You found it on level 1 of the Dungeon)
 i - a +3 plate armour (worn)
   (You found it on level 1 of the Dungeon)
 j - a +2 cloak (worn)
   (You found it on level 1 of the Dungeon)
 m - a +2 leather armour of willpower
   (You found it on level 1 of the Dungeon)
Scrolls
 c - 2 scrolls of identify {@r1}
 e - 2 scrolls of enchant weapon {unknown}
 p - 4 scrolls of magic mapping {unknown}
 q - a scroll of enchant armour {unknown}
 r - a scroll of amnesia {unknown}
 u - 2 scrolls of blinking {unknown}
 x - a scroll of teleportation {unknown}
Potions
 k - 3 potions of flight {unknown}
 l - a potion of berserk rage
 n - a potion of brilliance {unknown}
 o - 3 potions of heal wounds {unknown}
 s - a potion of haste {unknown}
 t - 3 potions of lignification {unknown}
 v - a potion of attraction {unknown}
 z - a potion of curing {@q1}
 A - a potion of cancellation {unknown}
 B - a potion of invisibility {unknown}


   Skills:
 + Level 3.4 Fighting
 + Level 1.7 Polearms
 + Level 7.5 Slings
 + Level 4.2 Dodging
 + Level 4.0 Stealth


You had 6 spell levels left.
You didn't know any spells.
Your spell library was empty.

Dungeon Overview and Level Annotations

Branches:
Dungeon (4/15)
 Temple: D:4-7

Altars:
Gozag
Trog
Wu Jian
The Shining One


Innate Abilities, Weirdness & Mutations

You are small and have problems with some larger weapons.
You are somewhat resistant to further mutation.


Message History

The stone hits the orc priest!
You shoot a stone. The stone hits the orc.
You shoot a stone. The stone closely misses the orc.
You shoot a stone. The stone barely misses the orc priest.
The stone hits the orc.
An iguana comes into view.
You shoot a stone. The iguana hisses angrily.
The stone hits the orc priest but does no damage.
You shoot a stone. The stone hits the orc priest!
You kill the orc priest!
The orc zaps a wand.
The bolt of acid hits the orc!
The orc is splashed with acid!
The acid corrodes the orc!
The orc dies!
The bolt of acid hits you!
You are splashed with acid!
Your Stealth skill increases to level 4!
You shoot a stone.
The stone hits the orc but does no damage.
You shoot a stone. The stone hits the orc!
You kill the orc!
The orc zaps a wand.
The bolt of acid hits you but does no damage.
The acid corrodes you!
You are splashed with acid!
* * * LOW HITPOINT WARNING * * *
You are too injured to fight recklessly!
Fire: 160 stones
Aim: an orc, wielding a +0 club, wearing a +0 scale mail and carrying a wand of acid (5) (68% to hit)
You shoot a stone.
The stone hits the orc but does no damage.
Fire: 159 stones
Aim: an orc, wielding a +0 club, wearing a +0 scale mail and carrying a wand of acid (5) (66% to hit)
You shoot a stone.
The stone hits the orc but does no damage.
Fire: 158 stones
Aim: an orc, wielding a +0 club, wearing a +0 scale mail and carrying a wand of acid (5) (66% to hit)
You shoot a stone.
The stone hits the orc but does no damage.
The orc hits you but does no damage.
Fire: 157 stones
Aim: an orc, wielding a +0 club, wearing a +0 scale mail and carrying a wand of acid (5) (64% to hit)
You shoot a stone. The stone closely misses the orc.
Fire: 156 stones
Aim: an orc, wielding a +0 club, wearing a +0 scale mail and carrying a wand of acid (5) (66% to hit)
You shoot a stone.
The stone hits the orc but does no damage.
The orc zaps a wand.
The bolt of acid hits you!!
Ouch! That really hurt!
You die...

#...........#
##......#
##..........##
#..###..
#...........#
#### ##.
#...........#
###
##..........##
##..
#...........#
##...
##..........#
###....
#..........#
##......
####@.....##
#.......
#o####..#
#....... #l
#### ##.......
)( #........
... #........
.(.. ###......
(.... #####..
..(... ###


You could see an iguana and an orc.

Vanquished Creatures
  A scorpion (D:2)
  3 orc priests
  2 orc wizards
  Terence (D:2)
  A worker ant (D:4)
  Robin (D:2)
  6 adders
  2 worms (D:2)
  3 leopard geckos
  19 orcs
  3 ball pythons
  3 bats (D:1)
  6 giant cockroaches
  17 goblins
  6 hobgoblins
  10 jackals
  A quokka (D:3)
  5 frilled lizards
  7 kobolds
  4 rats
101 creatures vanquished.

Vanquished Creatures (others)
  An orc (D:4)
1 creature vanquished.

Grand Total: 102 creatures vanquished

Notes
Turn   | Place    | Note
-------+----------+-------------------------------------------
     0 | D:1      | MalarOregon the Halfling Hunter began the quest for the
                  | Orb.
     0 | D:1      | Reached XP level 1. HP: 14/14 MP: 1/1
   127 | D:1      | Reached XP level 2. HP: 19/19 MP: 2/2
   192 | D:1      | Reached skill level 6 in Slings
   769 | D:1      | Reached XP level 3. HP: 20/24 MP: 3/3
  1242 | D:2      | Reached XP level 4. HP: 21/30 MP: 4/4
  1490 | D:2      | Reached XP level 5. HP: 35/35 MP: 5/5
  1491 | D:2      | Noticed Robin
  1518 | D:2      | Killed Robin
  1830 | D:2      | Noticed Terence
  1840 | D:2      | Killed Terence
  1879 | D:2      | Found a glowing golden altar of the Shining One.
  1970 | D:2      | Found an ornate altar of the Wu Jian Council.
  2098 | D:2      | Reached skill level 7 in Slings
  2098 | D:2      | Reached XP level 6. HP: 31/42 MP: 6/6
  2293 | D:3      | Reached skill level 1 in Polearms
  2540 | D:2      | HP: 2/42 [orc priest/nerve-wracking pain (10)]
  3005 | D:3      | Found an opulent altar of Gozag.
  3376 | D:3      | Found a bloodstained altar of Trog.
  3510 | D:3      | Reached XP level 7. HP: 13/46 MP: 7/7
  3979 | D:4      | Killed from afar by an orc

Illustrated notes

Levels and vault maps discovered:
D:1:      dpeg_arrival_morbid_curiosity, layout_loops_corners
D:2:      layout_rooms, nzn_wu_jian_council_hall,
          nicolae_overflow_hidden_temple, uniq_terence, uniq_robin,
          uniq_crazy_yiuf_cottage
D:3:      layout_basic, lemuel_doored_altar, nicolae_gozag_seed_capital,
          grunt_decor_clamped
D:4:      layout_cave_pods, overflow_temple_1_default

Skill      XL: |  1  2  3  4  5  6  7 |
---------------+----------------------+-----
Slings         | 6 7 |  7.5
Fighting       | 2 3 |  3.4
Stealth        | 2 3 4 |  4.0
Dodging        | 3 4 |  4.2
Polearms       | 1 |  1.7

Action                   |  1- 3 |  4- 6 |  7- 9 || total
-------------------------+-------+-------+-------++-------
 Fire: Hunting sling     |    64 |   219 |    30 ||   313
  Use: Potion            |       |     2 |       ||     2
       Scroll            |       |     1 |       ||     1
Armor: Plate armour      |    14 |    87 |     5 ||   106
Dodge: Dodged            |    10 |    59 |     4 ||    73
